 Dungeon Crawl Stone Soup version 0.31-a0-868-g674d60d6f7 (webtiles) character file.

Game seed: 11996232364754754182

39 wingedge the Magician (level 3, -2/26 HPs)
             Began as a Mummy Earth Elementalist on Oct 11, 2023.
             Slain by Terence
             ... wielding a +0 hand axe of electrocution
              (19 damage)
             ... on level 2 of the Dungeon.
             The game lasted 00:03:06 (1454 turns).

wingedge the Magician (Mummy Earth Elementalist)    Turns: 1454, Time: 00:03:06

Health: -2/26      AC:  4    Str: 11    XL:     3   Next: 26%
Magic:  7/7        EV: 12    Int: 16    God:
Gold:   96         SH:  0    Dex: 12    Spells: 4/8 levels left

rFire   x . .        c - +0 short sword
rCold   + . .        (no shield)
rNeg    + + +        b - +0 robe
rPois   ∞            f - +0 helmet
rElec   .            (no cloak)
rCorr   .            d - +0 pair of gloves
SInv    .            (no boots)
Will    .....        (no amulet)
Stlth   ++           (no ring)
HPRegen 0.24/turn    (no ring)
MPRegen 0.10/turn

%: faith
@: no status effects
A: cold resistance 1, negative energy resistance 3, torment resistance 2, heat
vulnerability 1, in touch with death 1, no potions, faith
a: no special abilities


You were on level 2 of the Dungeon.
You visited 1 branch of the dungeon, and saw 2 of its levels.

You collected 96 gold pieces.

Inventory:

Hand Weapons
 a - a +0 whip
 c - a +0 short sword (weapon)
 g - a +0 dagger of draining
Armour
 b - a +0 robe (worn)
 d - a +0 pair of gloves (worn)
 f - a +0 helmet (worn)


   Skills:
 + Level 1.2 Fighting
 - Level 1.5 Dodging
 - Level 1.5 Stealth
 + Level 3.3 Spellcasting
 + Level 1.0 Conjurations
 - Level 0.7 Transmutations
 + Level 2.7 Earth Magic


You had 4 spell levels left.
You knew the following spells:

 Your Spells              Type           Power      Damage    Failure   Level
a - Sandblast             Erth           22%        2d7       6%          1
b - Stone Arrow           Conj/Erth      16%        3d8       26%         3

Your spell library contained the following spells:

 Spells                   Type           Power      Damage    Failure   Level
 Passwall                 Tmut/Erth      6%         N/A       13%         2
 Necrotise                Necr           16%        1d4       19%         1
 Cigotuvi's Dreadful Rot  Necr/Pois/Air  8%         N/A       26%         2
 Vampiric Draining        Necr           4%         2d6       47%         3
 Brom's Barrelling Bould  Conj/Erth      8%         2d3       63%         4
 Petrify                  Tmut/Erth      8%         N/A       65%         4
 Dispel Undead            Necr           4%         3d7       87%         4
 Agony                    Necr           4%         N/A       99%         5
 Death Channel            Necr           2%         N/A       100%        6


Dungeon Overview and Level Annotations

Branches:
Dungeon (2/15)

Altars:

Annotations:
D:2 Terence


Innate Abilities, Weirdness & Mutations

You are immune to poison.
Your flesh is cold resistant. (rC+)
You are immune to negative energy. (rN+++)
You are immune to unholy pain and torment.
You are vulnerable to heat. (rF-)
You are in touch with the powers of death.
You do not drink.
You have a special connection with the divine. (Faith)


Message History

An endoplasm comes into view.
The endoplasm quivers.
Casting: Sandblast (safe; 6% risk of failure)
Confirm with . or Enter, or press ? or * to list all spells.
Aiming: Sandblast (safe; 6% risk of failure)
Press: ? - help, Shift-Dir - straight line, f - endoplasm
Aim: an endoplasm (98% to hit)
The blast of sand hits the endoplasm!
You kill the endoplasm!
Casting: Sandblast (safe; 6% risk of failure)
Confirm with . or Enter, or press ? or * to list all spells.
You can't see any susceptible monsters within range! (Use Z to cast anyway.)
Casting: Sandblast (safe; 6% risk of failure)
Confirm with . or Enter, or press ? or * to list all spells.
You can't see any susceptible monsters within range! (Use Z to cast anyway.)
You start resting.
Magic restored.
Terence shouts!
As you read the scroll labelled ECORUE QUURGH, it crumbles to dust.
It is a scroll of identify.
You don't currently have any unidentified items.
Terence zaps a wand.
You resist with some effort.
You closely miss Terence.
Terence hits you with a +0 hand axe of electrocution!
You closely miss Terence.
A kobold comes into view. It is wielding a +0 club.
Terence barely misses you.
You hit Terence but do no damage. Terence closely misses you.
You hit Terence.
Terence is lightly wounded.
Terence barely misses you.
You closely miss Terence.
Terence is lightly wounded.
Terence closely misses you.
You hit Terence but do no damage.
Terence is lightly wounded.
Terence hits you with a +0 hand axe of electrocution.
You are electrocuted!!
Ouch! That really hurt!
You die...

#........ . ......... ..
#......# .... #.....###. .....#
#.....#... # #:..# #.......##.#
.. #..###.....# ..###
#..#######.K@@.....###.....
........#..####.#..........
......#...................
#.$...........##...)....##
#............#.......... .
#......#####.#........# ...
#......#####.†$......... ...
###....#..................
_..###.<......######$...$....##


You could see Terence and a kobold.

Vanquished Creatures
  7 ball pythons
  4 endoplasms
  2 giant cockroaches (D:1)
  4 goblins
  2 hobgoblins (D:1)
  3 quokkas (D:1)
  4 bats (D:1)
  3 frilled lizards (D:1)
  3 kobolds (D:1)
  4 rats
36 creatures vanquished.

Notes
Turn   | Place    | Note
-------+----------+-------------------------------------------
     0 | D:1      | wingedge the Mummy Earth Elementalist began the quest for
                  | the Orb.
     0 | D:1      | Reached XP level 1. HP: 13/13 MP: 4/4
     2 | D:1      | Noticed a human
     2 | D:1      | Noticed an armataur
     4 | D:1      | Noticed a demonspawn
     4 | D:1      | Noticed a naga
     6 | D:1      | Noticed a merfolk
     6 | D:1      | Noticed a tengu
     8 | D:1      | Noticed a spriggan
     8 | D:1      | Noticed an ogre
    11 | D:1      | Noticed a draconian
    11 | D:1      | Noticed a felid
    13 | D:1      | Noticed an octopode
    13 | D:1      | Noticed a meteoran
    17 | D:1      | Noticed a ghoul
    17 | D:1      | Noticed a demigod
    19 | D:1      | Noticed a minotaur
    21 | D:1      | Noticed an elf
    21 | D:1      | Noticed a formicid
    23 | D:1      | Noticed a troll
    23 | D:1      | Noticed a vine stalker
    25 | D:1      | Noticed a draconian
    25 | D:1      | Noticed a vampire
    27 | D:1      | Noticed an armataur
    27 | D:1      | Noticed an elf
   271 | D:1      | Reached XP level 2. HP: 20/20 MP: 3/5
   301 | D:1      | Reached skill level 3 in Spellcasting
   654 | D:1      | Reached skill level 1 in Fighting
  1024 | D:1      | Reached XP level 3. HP: 26/26 MP: 5/7
  1049 | D:1      | Learned a level 3 spell: Stone Arrow
  1122 | D:1      | Reached skill level 1 in Conjurations
  1368 | D:2      | Noticed Terence
  1454 | D:2      | Slain by Terence

Illustrated notes

Levels and vault maps discovered:
D:1:      kb_arrival_jail, layout_basic, nrook_loot_triangle,
          nicolae_figureground_sparkle
D:2:      layout_rooms, basic_altar, serial_shops,
          nicolae_shop_advertising_works [nicolae_subvault_shop_adworks],
          uniq_terence

Skill      XL: |  1  2  3 |
---------------+----------+-----
Spellcasting   | 3 |  3.3
Fighting       | 1 |  1.2
Conjurations   | 1 |  1.0
Dodging        | |  1.5
Stealth        | |  1.5
Transmutations | |  0.7
Earth Magic    | |  2.7

Action                     || total
---------------------------++-------
  Melee: Whip              ||     9
         Unarmed           ||     3
         Short sword       ||     6
   Cast: Sandblast         ||    49
    Use: Scroll            ||     2
 Armour: Robe              ||    21
  Dodge: Dodged            ||    19

Table legend: (Time is in decaauts)
 A = Elapsed time spent in this place.
 B = Non-inter-level travel time spent in this place.
 C = Inter-level travel time spent in this place.
 D = Time resting spent in this place.
 E = Time spent auto-exploring this place.
 F = Levels seen in this place.
 G = Mean time per level.
                   A        B        C        D        E       F      G
               +--------+--------+--------+--------+--------+-----+--------+
         Total |   1478 |   1441 |     37 |    165 |   1017 |   2 |  739.0 |
       Dungeon |   1478 |   1441 |     37 |    165 |   1017 |   2 |  739.0 |
               +--------+--------+--------+--------+--------+-----+--------+

Top non-repeatable levels by time:
     D:1: 1380 daAuts
     D:2: 97 daAuts
